[Event "Titled Tuesday Blitz November 15 Late 2022"]
[White "Taspinar, Yanki"]
[Black "Dzierzak, Radoslaw"]
[WhiteFideId "34561188"]
[BlackFideId "1161407"]
[WhiteElo "2225"]
[BlackElo "2111"]
[Result "1-0"]
[Round "11"]
[TimeControl "180+1"]
[Date "2022.11.16"]
[WhiteClock "0:01:23"]
[BlackClock "0:00:02"]

1. Nf3 Nf6 2. g3 d5 3. Bg2 e6 4. O-O c5 5. d4 cxd4 6. Nxd4 e5 7. Nb3 Be6 8. f4 exf4 9. Bxf4 Qb6+ 10. Kh1 Nc6 11. Nc3 Rd8 12. a4 a6 13. a5 Qa7 14. Na4 Be7 15. Bc7 Rc8 16. Bb6 Qb8 17. Nac5 O-O 18. Nxe6 fxe6 19. Nc5 Qe5 20. Nd3 Qd6 21. Nf4 g5 22. Nd3 e5 23. Nc5 e4 24. Qd2 Ng4 25. c4 Qh6 26. Qxd5+ Kh8 27. h3 Ne3 28. Rxf8+ Rxf8 29. Qxe4 Rf2 30. Qxe3 1-0


[Site "https://www.chess.com"]

[Event "Titled Tuesday Blitz November 15 Late 2022"]
[White "Terry, Renato"]
[Black "Nakamura, Hikaru"]
[WhiteFideId "3803457"]
[BlackFideId "2016192"]
[WhiteElo "2577"]
[BlackElo "2909"]
[Result "0-1"]
[Round "11"]
[TimeControl "180+1"]
[Date "2022.11.15"]
[WhiteClock "0:00:04"]
[BlackClock "0:01:01"]

1. d4 g6 2. e4 Bg7 3. Nf3 d6 4. c3 Nf6 5. Bd3 Nbd7 6. O-O e5 7. Bg5 h6 8. Bh4 O-O 9. dxe5 dxe5 10. Nbd2 Qe7 11. b4 a5 12. a3 b6 13. Qc2 Bb7 14. Nc4 Rfc8 15. Rfe1 Qe6 16. Ne3 Ba6 17. Nd2 Bxd3 18. Qxd3 Nh5 19. Qc4 Nf4 20. Qxe6 Nxe6 21. Ndc4 f6 22. Red1 Nef8 23. Nd5 Kf7 24. f3 h5 25. Bf2 Bh6 26. Rab1 axb4 27. axb4 Ra2 28. Ra1 Rxa1 29. Rxa1 Ne6 30. Ra7 Ke8 31. Kf1 b5 32. Na5 c6 33. Nb6 Nxb6 34. Bxb6 Bd2 35. Nb7 Kf8 36. Nd6 Rb8 37. Rf7+ Kg8 38. Ba5 Bxc3 39. Rxf6 Nf8 40. Rf7 c5 41. Bc7 Ra8 42. bxc5 b4 43. Re7 b3 44. Nc4 Ra4 0-1


[Site "https://www.chess.com"]

[Event "Titled Tuesday Blitz November 15 Late 2022"]
[White "Thiel, Thomas"]
[Black "Espinosa, Pedro"]
[WhiteFideId "4615964"]
[BlackFideId "30921066"]
[WhiteElo "2238"]
[BlackElo "2016"]
[Result "0-1"]
[Round "11"]
[TimeControl "180+1"]
[Date "2022.11.16"]
[WhiteClock "0:01:37"]
[BlackClock "0:01:21"]

1. e4 c5 2. Nc3 Nc6 3. Bb5 Nd4 4. Bc4 a6 5. d3 b5 6. Bb3 Bb7 7. Nge2 Nxb3 8. axb3 e6 9. O-O d5 10. exd5 exd5 11. d4 Nf6 12. Bg5 Be7 13. Nf4 O-O 14. Re1 h6 15. Bxf6 Bxf6 16. dxc5 d4 17. Ne4 Be5 18. Qg4 f5 19. Qg6 Bxf4 20. Qe6+ Kh8 21. Nd6 Bxd6 22. cxd6 Qg5 23. g3 Qg4 0-1


[Site "https://www.chess.com"]

[Event "Titled Tuesday Blitz November 15 Late 2022"]
[White "Torres Dominguez, David"]
[Black "Reprintsev, Alexander"]
[WhiteFideId "2220857"]
[BlackFideId "14100541"]
[WhiteElo "2037"]
[BlackElo "2230"]
[Result "0-1"]
[Round "11"]
[TimeControl "180+1"]
[Date "2022.11.16"]
[WhiteClock "0:00:02"]
[BlackClock "0:01:41"]

1. d4 d5 2. c4 e5 3. dxe5 d4 4. Nf3 Nc6 5. Nbd2 a5 6. g3 Bf5 7. a3 Qd7 8. Bg2 Bh3 9. O-O Bxg2 10. Kxg2 h5 11. h4 Nh6 12. Ne4 O-O-O 13. b4 Ng4 14. Bf4 Qf5 15. Neg5 Be7 16. b5 Bxg5 17. Bxg5 Ncxe5 18. Bxd8 Rxd8 19. Nxe5 Qxe5 20. Qd3 g5 21. hxg5 Qxg5 22. f4 Qe7 23. Qf5+ Kb8 24. Rf3 Ne3+ 25. Rxe3 Qxe3 26. Qxh5 d3 27. Rd1 Qe4+ 28. Qf3 Qxc4 29. exd3 Qxb5 30. d4 c6 31. Qe4 Ka7 32. Qe5 Rd5 33. Qc7 Qe2+ 34. Kh3 Qxd1 35. Qxf7 Rh5+ 36. Kg2 Qe2+ 0-1


[Site "https://www.chess.com"]

[Event "Titled Tuesday Blitz November 15 Late 2022"]
[White "Tristan, Leonardo"]
[Black "Svane, Rasmus"]
[WhiteFideId "113816"]
[BlackFideId "4657101"]
[WhiteElo "2461"]
[BlackElo "2674"]
[Result "0-1"]
[Round "11"]
[TimeControl "180+1"]
[Date "2022.11.15"]
[WhiteClock "0:00:06"]
[BlackClock "0:01:04"]

1. d4 Nf6 2. Nf3 d5 3. Bf4 e6 4. e3 Bd6 5. Nbd2 O-O 6. Bd3 c5 7. dxc5 Bxc5 8. O-O Nc6 9. a3 Bd6 10. Bxd6 Qxd6 11. c4 Rd8 12. Qc2 b6 13. Rfd1 Bb7 14. Rac1 Rac8 15. Qb1 h6 16. b4 Ne5 17. Nxe5 Qxe5 18. Nf3 Qb8 19. cxd5 Bxd5 20. Rxc8 Rxc8 21. Rc1 Rd8 22. Nd4 Ng4 23. g3 Qe5 24. Nc6 Qf6 25. f4 Bxc6 26. Rxc6 Nxe3 27. Be4 Qd4 28. Bh7+ Kh8 29. Qe4 Qd1+ 30. Kf2 Rd2+ 31. Kxe3 Qe2# 0-1


[Site "https://www.chess.com"]

[Event "Titled Tuesday Blitz November 15 Late 2022"]
[White "Urbina Quiroz, Edwin"]
[Black "Yano, William Jorge Froes"]
[WhiteFideId "6500650"]
[BlackFideId "2112949"]
[WhiteElo "2152"]
[BlackElo "2122"]
[Result "0-1"]
[Round "11"]
[TimeControl "180+1"]
[Date "2022.11.16"]
[WhiteClock "0:00:03"]
[BlackClock "0:01:03"]

1. d4 Nf6 2. c4 c5 3. Nf3 g6 4. g3 Bg7 5. Bg2 O-O 6. O-O d6 7. Nc3 cxd4 8. Nxd4 Nc6 9. Nxc6 bxc6 10. Bxc6 Rb8 11. b3 Bh3 12. Bb2 Bxf1 13. Qxf1 Qa5 14. Nd5 Nxd5 15. Bxg7 Kxg7 16. cxd5 Rfc8 17. e4 f6 18. Qh3 Rc7 19. Qf1 Rb4 20. Qd3 Qc5 21. Kg2 Rd4 22. Qe2 Qc3 23. Rd1 Rxd1 24. Qxd1 a5 25. h4 h5 26. g4 hxg4 27. Qxg4 Qd2 28. a4 Ra7 29. Qg3 Rc7 30. Qg4 Kh6 31. Qh3 Qf4 32. Kf1 Qxe4 33. Qc3 Qxh4 34. Qxa5 Rc8 35. Qa7 Qe4 36. Qb7 Rh8 37. Qd7 Kg5 38. Qe6 Rh1# 0-1


[Site "https://www.chess.com"]

[Event "Titled Tuesday Blitz November 15 Late 2022"]
[White "Vargas, Mauricio"]
[Black "chess50years"]
[WhiteFideId "4404572"]
[WhiteElo "2025"]
[BlackElo "2140"]
[Result "0-1"]
[Round "11"]
[TimeControl "180+1"]
[Date "2022.11.16"]
[WhiteClock "0:01:01"]
[BlackClock "0:01:27"]

1. e4 c6 2. f4 d5 3. Nc3 dxe4 4. Nxe4 Nd7 5. Qe2 e6 6. Nf3 Ngf6 7. g3 Nxe4 8. Qxe4 Nf6 9. Qe2 Bc5 10. c3 O-O 11. d4 Bb6 12. Bg2 c5 13. Be3 Qc7 14. Qf2 Ng4 15. Qg1 Nxe3 16. Qxe3 cxd4 17. Nxd4 Rd8 18. Rd1 Bd7 19. O-O Bc6 20. a4 a6 21. b3 h6 22. Qe2 Bxg2 23. Kxg2 Qxc3 24. Nxe6 Qc6+ 25. Qf3 Qxf3+ 26. Kxf3 fxe6 27. Rd6 Rxd6 0-1


[Site "https://www.chess.com"]

[Event "Titled Tuesday Blitz November 15 Late 2022"]
[White "Winkels, Marcel"]
[Black "Paiva, Henrique M A Albergaria"]
[WhiteFideId "1003887"]
[BlackFideId "1920995"]
[WhiteElo "1900"]
[BlackElo "1953"]
[Result "1-0"]
[Round "11"]
[TimeControl "180+1"]
[Date "2022.11.16"]
[WhiteClock "0:00:05"]
[BlackClock "0:00:07"]

1. e4 c5 2. d4 cxd4 3. c3 dxc3 4. Nxc3 Nc6 5. Nf3 d6 6. Bc4 a6 7. a4 Nf6 8. Qe2 Bg4 9. Be3 e6 10. h3 Bxf3 11. Qxf3 Rc8 12. Ba2 Nb4 13. Bb3 Nd3+ 14. Ke2 Nxb2 15. Rac1 Nc4 16. Rhd1 Nxe3 17. Qxe3 Qa5 18. g4 Be7 19. g5 Nd7 20. h4 Ne5 21. Qd4 Qc5 22. f4 Qxd4 23. Rxd4 Nc6 24. Rdd1 O-O 25. f5 Na5 26. Ba2 Nc4 27. a5 Rc5 28. Rd4 Rfc8 29. Na4 Ne5 30. Nxc5 dxc5 31. Rdd1 exf5 32. exf5 h6 33. g6 Kf8 34. Rd5 Nc6 35. gxf7 Nb4 36. Rd2 Bxh4 37. Rb2 Nxa2 38. Rxa2 Kxf7 39. Rb2 Rc7 40. Rb6 Bf6 41. Kd3 Bd4 42. Kc4 Re7 43. Rd1 Bf2 44. Rd5 Re4+ 45. Kd3 Ra4 46. Rxb7+ Kf6 47. Rb6+ Kf7 48. Rd7+ Ke8 49. Rxg7 c4+ 50. Kc2 Bxb6 51. axb6 Kd8 52. b7 Rb4 53. Kc3 a5 54. f6 Ke8 55. f7+ Kf8 56. Rg8+ Kxf7 57. b8=Q Rxb8 58. Rxb8 Kf6 59. Kxc4 Kg5 60. Rb5+ Kg4 61. Rxa5 h5 62. Kd3 Kg3 63. Ke2 h4 64. Kf1 Kh2 65. Ra2+ Kh1 66. Kf2 h3 67. Kg3 h2 68. Rxh2+ Kg1 69. Rh4 Kf1 70. Rh2 Kg1 71. Rd2 1-0


[Site "https://www.chess.com"]

[Event "Titled Tuesday Blitz November 15 Late 2022"]
[White "Winterberg, Lukas"]
[Black "Chirilov, James A"]
[WhiteFideId "24622702"]
[BlackFideId "30976677"]
[WhiteElo "2349"]
[BlackElo "1790"]
[Result "0-1"]
[Round "11"]
[TimeControl "180+1"]
[Date "2022.11.16"]
[WhiteClock "0:00:31"]
[BlackClock "0:00:28"]

1. d4 Nf6 2. Nf3 g6 3. c4 Bg7 4. Nc3 d6 5. e4 O-O 6. Be2 e5 7. O-O h6 8. d5 Nbd7 9. Qc2 a5 10. Ne1 Nc5 11. f3 Nfd7 12. Nd3 f5 13. Be3 f4 14. Bf2 g5 15. a3 b6 16. b4 Nxd3 17. Bxd3 h5 18. Nb5 g4 19. c5 bxc5 20. bxc5 g3 21. hxg3 fxg3 22. Bxg3 Nxc5 23. Bf2 Nxd3 24. Qxd3 Qg5 25. Be3 Qg3 26. Nxc7 Bh3 27. Ra2 Rac8 28. Ne6 Rf6 29. Rc2 Rxc2 30. Qxc2 Rg6 31. Rf2 h4 32. Kf1 Bxg2+ 33. Rxg2 Qxf3+ 34. Qf2 Qd1+ 0-1


[Site "https://www.chess.com"]

[Event "Titled Tuesday Blitz November 15 Late 2022"]
[White "Young, Ryan"]
[Black "Harish, Neeraj"]
[WhiteFideId "2049945"]
[BlackFideId "30958130"]
[WhiteElo "2278"]
[BlackElo "1815"]
[Result "0-1"]
[Round "11"]
[TimeControl "180+1"]
[Date "2022.11.16"]
[WhiteClock "0:00:03"]
[BlackClock "0:00:36"]

1. e4 c5 2. g3 g6 3. Bg2 Bg7 4. Ne2 Nc6 5. O-O e5 6. c3 Nge7 7. d3 O-O 8. Be3 d6 9. Nd2 f5 10. f4 fxe4 11. Nxe4 exf4 12. Bxf4 Be5 13. Bxe5 Nxe5 14. d4 cxd4 15. cxd4 Nc4 16. Qb3 d5 17. Nf6+ Kg7 18. Nxd5 Rxf1+ 19. Bxf1 Qxd5 20. Qc3 Nd6 21. Nf4 Qc6 22. Qb3 Bf5 23. Re1 Re8 24. Bg2 Qb6 25. Qc3 Nc6 26. Rxe8 Nxe8 27. Bxc6 Qxc6 28. Qa3 Nd6 29. d5 Qc1+ 30. Kg2 Qd2+ 31. Kg1 Qd1+ 32. Kg2 Be4+ 33. Kf2 Qd4+ 34. Kf1 Nf5 35. d6 Qd1+ 36. Kf2 Qd2+ 37. Kf1 Ne3+ 38. Kg1 Qe1# 0-1


[Site "https://www.chess.com"]

[Event "Titled Tuesday Blitz November 15 Late 2022"]
[White "Yuan, Qingyu"]
[Black "Megalios, Konstantinos"]
[WhiteFideId "8609772"]
[BlackFideId "4238044"]
[WhiteElo "2359"]
[BlackElo "2277"]
[Result "1-0"]
[Round "11"]
[TimeControl "180+1"]
[Date "2022.11.15"]
[WhiteClock "0:00:08"]
[BlackClock "0:00:02"]

1. e4 c6 2. Nf3 d5 3. Nc3 Bg4 4. h3 Bxf3 5. Qxf3 e6 6. Be2 g6 7. O-O Bg7 8. Rd1 Nf6 9. d4 Nxe4 10. Nxe4 dxe4 11. Qxe4 O-O 12. Bf3 Nd7 13. c3 a5 14. Bf4 Nf6 15. Qc2 Re8 16. Re1 Qb6 17. Rad1 Rad8 18. g3 Rd7 19. h4 Nd5 20. Bg5 h6 21. Bc1 h5 22. Bg5 Ne7 23. Rd2 Nf5 24. Be4 Qb5 25. Bd3 Qd5 26. b3 Rc8 27. Bf4 Rdd8 28. Bc4 Qd7 29. Rde2 b5 30. Bd3 b4 31. Bxf5 gxf5 32. Be5 Bxe5 33. dxe5 Qd3 34. Qc1 bxc3 35. Rc2 f4 36. Rxc3 Qd2 37. gxf4 Qxc1 38. Rexc1 Rd4 39. Rxc6 Rxc6 40. Rxc6 Rxf4 41. Rc4 Rf3 42. Ra4 Kg7 43. Rxa5 Kg6 44. Kg2 Rc3 45. f3 Kf5 46. Kg3 Rc1 47. Ra7 Rg1+ 48. Kf2 Rg7 49. Ra5 Rg8 50. a4 Rc8 51. Rb5 Rc2+ 52. Kg3 Rc1 53. a5 Rg1+ 54. Kf2 Ra1 55. Rb7 Rxa5 56. Rxf7+ Kxe5 57. Rg7 Kf6 58. Rg5 Ra2+ 59. Kg3 Rb2 60. Rb5 e5 61. Rb8 Rb1 62. Rf8+ Ke6 63. Rb8 Kf5 64. b4 1-0


[Site "https://www.chess.com"]

[Event "Titled Tuesday Blitz November 15 Late 2022"]
[White "Yurovskykh, Oleksandr"]
[Black "Sarkar, Justin"]
[WhiteFideId "14134020"]
[BlackFideId "2010011"]
[WhiteElo "2265"]
[BlackElo "2239"]
[Result "1/2-1/2"]
[Round "11"]
[TimeControl "180+1"]
[Date "2022.11.16"]
[WhiteClock "0:00:16"]
[BlackClock "0:00:06"]

1. d4 Nf6 2. Nf3 d5 3. Bf4 c5 4. e3 Nc6 5. c3 Qb6 6. Qc2 Nh5 7. Bg5 h6 8. Bh4 g5 9. Bg3 Bg7 10. Nbd2 Nxg3 11. hxg3 Bg4 12. Be2 Rc8 13. Qb3 c4 14. Qxb6 axb6 15. a3 Bf5 16. O-O-O b5 17. Rde1 Ra8 18. Nb1 e6 19. Bd1 Na5 20. Bc2 Nb3+ 21. Kd1 Bxc2+ 22. Kxc2 f5 23. Nbd2 Nxd2 24. Nxd2 Kd7 25. f3 h5 26. Rh2 Rh6 27. Reh1 Rah8 28. g4 hxg4 29. Rxh6 Rxh6 30. Rxh6 Bxh6 31. fxg4 Kd6 32. Nf1 Ke7 33. Kd2 Kf6 34. Nh2 Kg6 35. Ke2 Bg7 36. Kf3 Bf6 37. gxf5+ exf5 38. g4 Bg7 39. Nf1 Bf6 40. Ng3 fxg4+ 41. Kxg4 Bd8 42. e4 dxe4 43. Nxe4 Be7 44. d5 b6 45. d6 Bd8 46. d7 Kf7 47. Kf5 Ke7 48. Nxg5 Kxd7 49. Ne6 Be7 50. Nd4 Bc5 51. Nxb5 Kc6 52. a4 Be3 53. Ke6 Bc1 54. Nd4+ Kc5 55. b4+ cxb3 56. Nxb3+ Kc4 57. Nxc1 Kxc3 58. Kd5 Kb4 59. Kc6 Kxa4 60. Ne2 Kb3 61. Nd4+ Kc3 62. Nb5+ Kd3 63. Kb7 Ke3 64. Ka6 Kf3 65. Nc7 Kf4 66. Kb5 Kf3 67. Nd5 Kg3 68. Nxb6 1/2-1/2


[Site "https://www.chess.com"]

[Event "Titled Tuesday Blitz November 15 Late 2022"]
[White "vjecspec"]
[Black "Mr_Penings"]
[WhiteElo "2548"]
[BlackElo "2682"]
[Result "1-0"]
[Round "11"]
[TimeControl "180+1"]
[Date "2022.11.15"]
[WhiteClock "0:00:17"]
[BlackClock "0:00:01"]

1. e4 c5 2. Nf3 e6 3. c4 a6 4. d4 cxd4 5. Nxd4 Nf6 6. Nc3 Qc7 7. a3 b6 8. Be2 Bb7 9. f3 d6 10. Be3 Nbd7 11. O-O Be7 12. b4 Rc8 13. Rc1 Qb8 14. Qd2 h5 15. Nb3 h4 16. Na4 Bd8 17. c5 dxc5 18. bxc5 Bc6 19. Nxb6 Nxb6 20. cxb6 Bxb6 21. Nd4 Bb7 22. Rxc8+ Qxc8 23. Rb1 Bc7 24. Qb4 Ba8 25. Qa4+ Kf8 26. Qxa6 Qxa6 27. Bxa6 Rh5 28. Rb5 Rxb5 29. Bxb5 Bb7 30. Nc6 Nd7 31. Nd8 Ba8 32. Bxd7 Bxd8 33. Bc5+ Kg8 34. a4 Ba5 35. Kf2 g5 36. Be3 Bd8 37. Bd2 Kg7 38. a5 Kf6 39. a6 Bb6+ 40. Be3 Bc7 41. Bc8 Ke7 42. Bxg5+ f6 43. Bxh4 Bc6 44. Bb7 Bb5 45. Bg3 Bb6+ 46. Ke1 Ba5+ 47. Kd1 Bb6 48. h4 Kf7 49. Bf4 Bf1 50. g4 Bb5 51. Kd2 1-0